[ AOE2 MATCH · #506634666 ]
UnrankedCumans vs Saracens
Player's team · LOSS
Rival team · WIN
[ REPLAY ANALYSIS · EXTRACTED FROM THE RECORDED GAME ]
Feudal
8:26
Castle
20:51
Imperial
39:16
| APM avg | 92.0 |
| APM peak | 141 |
| eAPM avg | 42.1 |
| Villagers / military | 194 / 157 |
Focus
⚔️ 53.2% · 🌾 46.8%
Archer ×101 · Kipchak ×19 · Scout Cavalry ×17 · Knight ×11 · Trebuchet (Packed) ×4 · Spearman ×3
Feudal
8:53
Castle
19:29
Imperial
41:07
| APM avg | 90.7 |
| APM peak | 143 |
| eAPM avg | 46.2 |
| Villagers / military | 142 / 76 |
Focus
⚔️ 62.9% · 🌾 37.1%
Mameluke ×56 · Monk ×7 · Scout Cavalry ×6 · Mangonel ×5 · Scorpion ×1 · Spearman ×1
Match map
Initial resources + every placement click. Lines = walls · curves = elevation contours. ◆ gold · ⬟ stone · ● berries · ✦ relic · ◌ wall gap
Your base· ✓ Closed at 20:51 · 20t walls · no gate
Oni.TheViper's base· Open — opponent sealed themselves in
Smoothed initial terrain · ◌ = detected wall gap · hover for details
Inputs per minute
— RD | Kiko - - Oni.TheViper
Build order — RD | Kiko
First 150 of 562 actions detected
| 0:01 | Create | Villager (Male) |
| 0:01 | Create | Villager (Male) |
| 0:02 | Create | Villager (Male) |
| 0:03 | Build | House |
| 0:04 | Build | House |
| 0:08 | Create | Villager (Male) |
| 0:08 | Create | Villager (Male) |
| 1:29 | Create | Villager (Male) |
| 2:01 | Create | Villager (Male) |
| 2:02 | Create | Villager (Male) |
| 2:21 | Create | Villager (Male) |
| 2:24 | Build | Lumber Camp |
| 2:50 | Create | Villager (Male) |
| 2:58 | Create | Villager (Male) |
| 3:10 | Create | Villager (Male) |
| 3:51 | Build | House |
| 3:55 | Create | Villager (Male) |
| 4:13 | Create | Villager (Male) |
| 4:14 | Create | Villager (Male) |
| 4:50 | Build | Mill |
| 5:20 | Create | Villager (Male) |
| 5:46 | Create | Villager (Male) |
| 5:48 | Research | Loom |
| 6:14 | Research | Feudal Age |
| 7:09 | Create | Villager (Male) |
| 7:21 | Build | Barracks |
| 7:32 | Build | House |
| 7:33 | Build | Palisade Wall |
| 7:55 | Create | Villager (Male) |
| 8:26 | Age | Feudal Age |
| 8:31 | Build | Stable |
| 8:46 | Create | Villager (Male) |
| 9:01 | Research | Double-Bit Axe |
| 9:03 | Research | Horse Collar |
| 9:05 | Create | Villager (Male) |
| 9:10 | Create | Villager (Male) |
| 9:13 | Create | Scout Cavalry |
| 9:15 | Create | Villager (Male) |
| 9:25 | Create | Scout Cavalry |
| 9:49 | Build | House |
| 9:57 | Build | Farm |
| 9:59 | Build | Farm |
| 10:03 | Create | Villager (Male) |
| 10:06 | Build | Farm |
| 10:07 | Create | Scout Cavalry |
| 10:23 | Build | House |
| 10:26 | Create | Spearman |
| 10:34 | Build | Farm |
| 10:34 | Create | Villager (Male) |
| 10:57 | Create | Villager (Male) |
| 11:05 | Build | Farm |
| 11:11 | Create | Villager (Male) |
| 11:20 | Build | Farm |
| 11:21 | Build | Farm |
| 11:26 | Build | Archery Range |
| 11:42 | Build | Mining Camp |
| 11:48 | Create | Villager (Male) |
| 11:48 | Create | Villager (Male) |
| 12:12 | Create | Villager (Male) |
| 12:12 | Create | Villager (Male) |
| 12:14 | Create | Archer |
| 12:30 | Create | Villager (Male) |
| 12:40 | Build | Farm |
| 12:44 | Build | Farm |
| 12:48 | Create | Spearman |
| 12:49 | Create | Archer |
| 12:52 | Build | House |
| 12:55 | Build | Palisade Wall |
| 12:57 | Build | Palisade Wall |
| 12:57 | Build | Palisade Wall |
| 13:05 | Create | Spearman |
| 13:07 | Build | Farm |
| 13:13 | Build | Farm |
| 13:15 | Create | Villager (Male) |
| 13:15 | Create | Villager (Male) |
| 13:29 | Build | House |
| 13:30 | Build | Palisade Wall |
| 13:40 | Create | Villager (Male) |
| 13:40 | Create | Villager (Male) |
| 13:44 | Build | House |
| 13:45 | Create | Archer |
| 13:52 | Create | Villager (Male) |
| 13:53 | Build | Farm |
| 14:03 | Build | Palisade Wall |
| 14:11 | Create | Villager (Male) |
| 14:12 | Create | Archer |
| 14:13 | Create | Archer |
| 14:15 | Create | Villager (Male) |
| 14:15 | Create | Villager (Male) |
| 14:24 | Create | Archer |
| 14:43 | Build | Farm |
| 14:43 | Create | Villager (Male) |
| 14:44 | Create | Archer |
| 14:47 | Create | Villager (Male) |
| 14:47 | Create | Villager (Male) |
| 14:57 | Build | Palisade Wall |
| 15:01 | Build | Palisade Wall |
| 15:24 | Create | Villager (Male) |
| 15:27 | Build | Farm |
| 15:31 | Create | Archer |
| 15:42 | Build | Farm |
| 15:42 | Create | Villager (Male) |
| 15:46 | Build | Farm |
| 15:49 | Build | Farm |
| 15:55 | Build | Farm |
| 15:58 | Create | Villager (Male) |
| 16:00 | Create | Archer |
| 16:00 | Create | Archer |
| 16:04 | Build | House |
| 16:24 | Create | Villager (Male) |
| 17:12 | Build | Blacksmith |
| 17:14 | Build | House |
| 17:24 | Create | Archer |
| 17:31 | Build | Archery Range |
| 17:39 | Build | House |
| 18:11 | Research | Castle Age |
| 18:12 | Research | Castle Age |
| 18:26 | Create | Archer |
| 18:26 | Create | Archer |
| 18:33 | Create | Archer |
| 18:35 | Build | House |
| 18:42 | Research | Fletching |
| 18:42 | Research | Fletching |
| 18:50 | Build | House |
| 18:55 | Research | Gold Mining |
| 18:55 | Research | Gold Mining |
| 19:02 | Create | Archer |
| 19:02 | Create | Archer |
| 19:12 | Create | Archer |
| 19:30 | Create | Villager (Male) |
| 19:46 | Create | Archer |
| 19:52 | Research | Padded Archer Armor |
| 20:01 | Create | Archer |
| 20:02 | Create | Archer |
| 20:48 | Create | Villager (Male) |
| 20:51 | Age | Castle Age |
| 20:53 | Create | Knight |
| 20:53 | Create | Knight |
| 20:55 | Research | Bodkin Arrow |
| 21:01 | Research | Crossbowman (upgrade) |
| 21:02 | Research | Crossbowman (upgrade) |
| 21:04 | Create | Villager (Male) |
| 21:07 | Build | University |
| 21:30 | Research | Bow Saw |
| 21:42 | Create | Villager (Male) |
| 21:43 | Create | Archer |
| 21:45 | Create | Archer |
| 21:45 | Create | Archer |
| 21:45 | Create | Archer |
| 21:59 | Create | Villager (Male) |
Build order — Oni.TheViper
First 150 of 384 actions detected
| 0:00 | Create | Villager (Male) |
| 0:01 | Build | House |
| 0:02 | Build | House |
| 0:07 | Create | Villager (Male) |
| 0:11 | Create | Villager (Male) |
| 0:13 | Create | Villager (Male) |
| 1:28 | Create | Villager (Male) |
| 1:49 | Create | Villager (Male) |
| 2:15 | Create | Villager (Male) |
| 2:22 | Build | Lumber Camp |
| 2:34 | Create | Villager (Male) |
| 2:51 | Create | Villager (Male) |
| 3:06 | Create | Villager (Male) |
| 3:34 | Create | Villager (Male) |
| 4:08 | Build | House |
| 4:26 | Create | Villager (Male) |
| 4:46 | Create | Villager (Male) |
| 5:03 | Create | Villager (Male) |
| 5:24 | Create | Villager (Male) |
| 5:26 | Build | Mill |
| 6:01 | Research | Loom |
| 6:03 | Build | Mill |
| 6:43 | Research | Feudal Age |
| 7:16 | Create | Villager (Male) |
| 7:52 | Build | Barracks |
| 8:39 | Build | Palisade Wall |
| 8:41 | Build | Palisade Wall |
| 8:46 | Build | House |
| 8:48 | Create | Villager (Male) |
| 8:53 | Age | Feudal Age |
| 8:55 | Research | Double-Bit Axe |
| 9:11 | Build | Stable |
| 9:20 | Create | Villager (Male) |
| 9:42 | Create | Spearman |
| 9:46 | Build | House |
| 9:47 | Create | Villager (Male) |
| 9:54 | Create | Scout Cavalry |
| 9:54 | Create | Scout Cavalry |
| 10:00 | Build | House |
| 10:01 | Build | House |
| 10:09 | Create | Villager (Male) |
| 10:19 | Build | Farm |
| 10:47 | Build | Palisade Wall |
| 10:48 | Build | Palisade Wall |
| 10:49 | Create | Villager (Male) |
| 11:02 | Create | Villager (Male) |
| 11:05 | Build | Farm |
| 11:11 | Create | Scout Cavalry |
| 11:11 | Create | Scout Cavalry |
| 11:19 | Build | Farm |
| 11:20 | Build | Farm |
| 11:23 | Build | Farm |
| 11:35 | Create | Scout Cavalry |
| 11:38 | Build | Farm |
| 11:48 | Create | Villager (Male) |
| 11:56 | Create | Villager (Male) |
| 12:02 | Build | Farm |
| 12:12 | Create | Villager (Male) |
| 12:13 | Build | Palisade Wall |
| 12:15 | Build | Palisade Wall |
| 12:23 | Create | Villager (Male) |
| 12:38 | Build | Farm |
| 12:39 | Build | Farm |
| 12:40 | Build | Farm |
| 12:44 | Create | Scout Cavalry |
| 12:48 | Build | Mining Camp |
| 13:03 | Create | Villager (Male) |
| 13:06 | Research | Horse Collar |
| 13:24 | Create | Villager (Male) |
| 13:49 | Create | Villager (Male) |
| 13:54 | Build | Mining Camp |
| 14:00 | Build | Farm |
| 14:17 | Create | Villager (Male) |
| 14:20 | Build | Farm |
| 14:45 | Create | Villager (Male) |
| 14:48 | Build | Farm |
| 15:02 | Build | Market |
| 15:07 | Create | Villager (Male) |
| 15:31 | Create | Villager (Male) |
| 16:00 | Create | Villager (Male) |
| 16:13 | Build | Blacksmith |
| 16:14 | Build | House |
| 16:20 | Build | Farm |
| 16:25 | Build | House |
| 16:30 | Build | House |
| 16:49 | Research | Castle Age |
| 17:15 | Build | Lumber Camp |
| 18:02 | Research | Gold Mining |
| 18:33 | Create | Villager (Male) |
| 18:56 | Research | Bloodlines |
| 18:56 | Research | Bloodlines |
| 19:29 | Age | Castle Age |
| 19:30 | Build | Castle |
| 19:32 | Create | Villager (Male) |
| 19:35 | Create | Villager (Male) |
| 19:41 | Build | Castle |
| 19:43 | Create | Villager (Male) |
| 19:49 | Research | Bow Saw |
| 19:53 | Research | Husbandry |
| 19:56 | Build | Farm |
| 19:57 | Build | Farm |
| 19:58 | Build | Farm |
| 19:58 | Build | Farm |
| 20:03 | Create | Villager (Male) |
| 20:08 | Build | Farm |
| 20:16 | Create | Villager (Male) |
| 20:36 | Build | Town Center |
| 20:37 | Create | Mameluke |
| 20:42 | Create | Villager (Male) |
| 20:46 | Create | Mameluke |
| 20:54 | Build | Farm |
| 20:56 | Create | Villager (Male) |
| 21:13 | Create | Villager (Male) |
| 21:16 | Build | Farm |
| 21:21 | Create | Villager (Male) |
| 21:28 | Build | Mining Camp |
| 21:28 | Create | Villager (Male) |
| 21:34 | Create | Villager (Male) |
| 21:35 | Create | Villager (Male) |
| 21:42 | Create | Mameluke |
| 21:42 | Create | Villager (Male) |
| 21:44 | Research | Scale Barding Armor |
| 21:50 | Create | Villager (Male) |
| 21:52 | Create | Villager (Male) |
| 22:09 | Create | Villager (Male) |
| 22:21 | Create | Mameluke |
| 22:24 | Build | Farm |
| 22:26 | Create | Villager (Male) |
| 22:29 | Create | Villager (Male) |
| 22:46 | Create | Villager (Male) |
| 23:01 | Build | Siege Workshop |
| 23:05 | Create | Villager (Male) |
| 23:09 | Create | Villager (Male) |
| 23:27 | Create | Scorpion |
| 23:28 | Create | Villager (Male) |
| 23:31 | Create | Villager (Male) |
| 23:39 | Create | Villager (Male) |
| 23:58 | Create | Villager (Male) |
| 24:05 | Create | Villager (Male) |
| 24:16 | Create | Mangonel |
| 24:21 | Create | Villager (Male) |
| 24:32 | Create | Villager (Male) |
| 24:36 | Create | Villager (Male) |
| 24:47 | Create | Villager (Male) |
| 25:01 | Create | Villager (Male) |
| 25:17 | Create | Villager (Male) |
| 25:25 | Build | Town Center |
| 25:45 | Create | Mameluke |
| 25:53 | Create | Villager (Male) |
| 26:07 | Build | Mining Camp |
Match timeline
| 7:21 | RD | Kiko · first_building Barracks |
| 7:33 | RD | Kiko · wall_segment Palisade Wall x1 |
| 7:52 | Oni.TheViper · first_building Barracks |
| 8:26 | RD | Kiko · age_up feudal |
| 8:31 | RD | Kiko · first_building Stable |
| 8:39 | Oni.TheViper · wall_segment Palisade Wall x2 |
| 8:41 | Oni.TheViper · wall_segment Palisade Wall x1 |
| 8:53 | Oni.TheViper · age_up feudal |
| 9:11 | Oni.TheViper · first_building Stable |
| 10:47 | Oni.TheViper · wall_segment Palisade Wall x1 |
| 10:48 | Oni.TheViper · wall_segment Palisade Wall x1 |
| 11:26 | RD | Kiko · first_building Archery Range |
| 12:13 | Oni.TheViper · wall_segment Palisade Wall x1 |
| 12:15 | Oni.TheViper · wall_segment Palisade Wall x1 |
| 12:55 | RD | Kiko · wall_segment Palisade Wall x5 |
| 12:57 | RD | Kiko · wall_segment Palisade Wall x1 |
| 12:57 | RD | Kiko · wall_segment Palisade Wall x1 |
| 13:30 | RD | Kiko · wall_segment Palisade Wall x3 |
| 14:03 | RD | Kiko · wall_segment Palisade Wall x8 |
| 14:57 | RD | Kiko · wall_segment Palisade Wall x1 |
| 15:01 | RD | Kiko · wall_segment Palisade Wall x1 |
| 16:35 | Oni.TheViper · first_market_buy 100 food |
| 16:49 | Oni.TheViper · first_market_sell 100 wood |
| 19:29 | Oni.TheViper · age_up castle |
| 19:30 | Oni.TheViper · first_building Castle |
| 20:51 | RD | Kiko · age_up castle |
| 23:01 | Oni.TheViper · first_building Siege Workshop |
| 29:02 | RD | Kiko · first_building Monastery |
| 31:09 | Oni.TheViper · first_building Monastery |
| 36:20 | RD | Kiko · first_building Castle |
| 38:20 | RD | Kiko · wall_segment Palisade Wall x1 |
| 38:24 | RD | Kiko · wall_segment Palisade Wall x1 |
| 38:32 | RD | Kiko · first_market_buy 100 stone |
| 39:16 | RD | Kiko · age_up imperial |
| 39:47 | RD | Kiko · first_market_sell 100 food |
| 41:07 | Oni.TheViper · age_up imperial |
| 42:14 | RD | Kiko · resign |
[ AI ANALYSIS · 1 CREDIT ]
What really happened in this match?
Wolo.gg analyzes every decision: build order, eco, micro, common mistakes by bracket. Personalized analysis on WhatsApp or Discord in 30 seconds.
Civ guide
Cumans
Perfil
Jugador #1516024